 Dungeon Crawl Stone Soup version 0.19.1 (webtiles) character file.

97 Dfrag the Conjurer (level 4, -8/36 HPs)
             Began as a Naga Conjurer on Dec 7, 2016.
             Mangled by a gnoll
             ... wielding a +0 flail
              (11 damage)
             ... on level 2 of the Dungeon.
             The game lasted 00:04:14 (1515 turns).

Dfrag the Conjurer (Naga Conjurer)                  Turns: 1515, Time: 00:04:14

Health: -8/36      AC:  2    Str: 10    XL:     4   Next: 68%
Magic:  9/9        EV: 10    Int: 16    God:
Gold:   81         SH:  0    Dex: 12    Spells: 2 memorised, 7 levels left

rFire  . . .     SeeInvis +     (no weapon)
rCold  . . .     Gourm    .     a - +0 robe
rNeg   . . .     Faith    .     (no shield)
rPois  +         Spirit   .     (no helmet)
rElec  .         Reflect  .     (no cloak)
rCorr  .         Harm     .     (no gloves)
MR     .....                    (no barding)
Stlth  ++........               (no amulet)
                                (no ring)
                                (no ring)

@: very slow
A: see invisible, deformed body, poison resistance, slowness 2, slow metabolism
1, spit poison 1, AC +1
a: Spit Poison


You were on level 2 of the Dungeon.
You were not hungry.

You visited 1 branch of the dungeon, and saw 3 of its levels.

You collected 81 gold pieces.

Inventory:

Armour
 a - a +0 robe (worn)
Scrolls
 f - a scroll of enchant weapon {unknown}
 i - a scroll of teleportation {unknown}
 j - 3 scrolls of identify {unknown}
 k - 2 scrolls of blinking {unknown}
Potions
 d - 2 potions of curing {unknown}
 e - a potion of might {unknown}
 g - a potion of brilliance {unknown}
 l - 2 potions of agility {unknown}
 m - a potion of degeneration {unknown}
Books
 b - a book of Conjurations

   Spells                             Type                      Level
   a - Magic Dart                     Conjuration                  1
   b - Searing Ray                    Conjuration                  2
   c - Dazzling Spray                 Conjuration/Hexes            3
   d - Fulminant Prism                Conjuration/Hexes            4
   e - Iskenderun's Mystic Blast      Conjuration                  4
   f - Iskenderun's Battlesphere      Conjuration/Charms           5
Comestibles
 c - 2 bread rations
 n - a meat ration


   Skills:
 - Level 1.5 Dodging
 - Level 3.0 Stealth
 * Level 3.6 Spellcasting
 + Level 4.8 Conjurations


You had 7 spell levels left.
You knew the following spells:

 Your Spells              Type           Power        Failure   Level  Hunger
a - Magic Dart            Conj           ###.         2%          1    None
b - Searing Ray           Conj           ###...       4%          2    ##.....


Dungeon Overview and Level Annotations

Branches:
Dungeon (3/15)

Altars:
Ru


Innate Abilities, Weirdness & Mutations

You cannot wear boots.
Your serpentine skin is tough. (AC +1)
You have supernaturally acute eyesight. (SInv)
Armour fits poorly on your strangely shaped body.
Your system is resistant to poisons. (rPois)
You cover ground very slowly.
You have a slow metabolism.
You can spit poison.


Message History

You are feeling hungry.
This raw flesh tastes terrible.
You start resting.
Magic restored.
You start resting.
HP restored.
You climb downwards.
The orc hits you with a flail. The gnoll hits you with a flail!
There is a stone staircase leading up here.
The orc hits you with a flail. The gnoll closely misses you.
You climb upwards.
There is a stone staircase leading down here.
The orc hits you with a flail! The orc hits you with a flail.
The gnoll hits you with a flail!
* * * LOW HITPOINT WARNING * * *
The orc closely misses you.
All of the chunks of flesh in your inventory have rotted away.
The gnoll hits you with a flail!
You die...

# #.#############.#########.# #
#.##............# #.# #
#....##########.# #.# #
######..........# #.# # #####
#.########.# #.# # ##...###.#
#.# ###.# ###.###.##.# #.#
##...## ....#
#.##.########(######.##..#
##..###.........@go....[.......#
...#...###.#.######....>...#...#
######## #.#.## #######.#...##
#....# #.##..# ###..# #.##..#
#..# #.##..# #..# ##.##..# #..#
#..##..#
########..##########.###..###


You could see a gnoll and an orc.

Vanquished Creatures
  2 adders (D:2)
  An ooze (D:2)
  2 worms (D:2)
  3 dart slugs
  5 leopard geckos
  2 orcs
  6 bats
  2 giant cockroaches
  9 goblins
  5 hobgoblins
  2 jackals (D:2)
  3 kobolds
  A ball python (D:1)
  3 frilled lizards
  7 rats
53 creatures vanquished.

Notes
Turn   | Place    | Note
-------+----------+-------------------------------------------
     0 | D:1      | Dfrag the Naga Conjurer began the quest for the Orb.
     0 | D:1      | Reached XP level 1. HP: 15/15 MP: 3/3
   158 | D:1      | Reached XP level 2. HP: 20/22 MP: 0/5
   162 | D:1      | Learned a level 2 spell: Searing Ray
   342 | D:1      | Reached XP level 3. HP: 28/28 MP: 0/7
   787 | D:2      | Reached XP level 4. HP: 27/36 MP: 2/8
   809 | D:2      | Found a sacrificial altar of Ru.
  1515 | D:2      | Mangled by a gnoll

Skill      XL: |  1  2  3 |
---------------+----------+-----
Spellcasting   | 3 |  3.6
Dodging        | |  1.5
Stealth        | |  3.0
Conjurations   | |  4.8

Action                   |  1- 3 |  4- 6 || total
-------------------------+-------+-------++-------
Melee: Unarmed           |    22 |     3 ||    25
 Cast: Magic Dart        |    44 |    27 ||    71
       Searing Ray       |     1 |     2 ||     3
 Abil: Spit Poison       |    26 |    12 ||    38
  Eat: Chunk             |     1 |     3 ||     4
Armor: Robe              |    13 |     4 ||    17
Dodge: Dodged            |    15 |     9 ||    24
